 Dungeon Crawl Stone Soup version 0.17-a0-1951-g62301d3 (webtiles) character file.

11945 Kangaxx the Destroyer (level 11, -1/54 HPs)
             Began as a Deep Elf Wizard on Oct 3, 2015.
             Was an Elder of Vehumet.
             Killed from afar by a frost giant (55 damage)
             ... with a bolt of cold
             ... in an ice cave.
             The game lasted 01:17:38 (13516 turns).

Kangaxx the Destroyer (Deep Elf Wizard)            Turns: 13516, Time: 01:17:38

Health: -1/54      AC:  4    Str:  4    XL:     11   Next: 56%
Magic:  3/26       EV: 17    Int: 27    God:    Vehumet [****..]
Gold:   443        SH:  0    Dex: 13    Spells: 9 memorised, 7 levels left

rFire  . . .     SeeInvis .     I - +1 falchion (elec)
rCold  . . .     Clarity  .     f - +1 robe {rN+}
rNeg   + . .     SustAt   .     (no shield)
rPois  .         Gourm    .     R - +0 hat {MR+}
rElec  .         Spirit   .     (no cloak)
rCorr  .         Warding  .     s - +0 pair of gloves
rMut   .         Stasis   .     (no boots)
MR     +++..                    (no amulet)
Stlth  +++.......               c - +5 ring of evasion
                                k - ring of stealth

@: extremely resistant to hostile enchantments, fairly stealthy
A: magic resistance 1
a: Renounce Religion


You were in an ice cave.
You worshipped Vehumet.
Vehumet was greatly pleased with you.
You were very hungry.

You visited 3 branches of the dungeon, and saw 12 of its levels.
You also visited: Ice Cave.

You collected 443 gold pieces.

Inventory:

Hand weapons
 t - a +0 mace of protection
 C - a +1 whip of flaming
 H - a +2 halberd of chopping
 I - a +1 falchion of electrocution (weapon)
 S - a +4 war axe of chopping
Missiles
 F - 2 throwing nets (quivered)
Armour
 f - a +1 robe of positive energy (worn)
 s - a +0 pair of gloves (worn)
 K - a +0 pair of boots
 M - a +0 pair of gloves
 R - a +0 hat of magic resistance (worn)
Jewellery
 c - a +5 ring of evasion (right hand)
 k - a ring of stealth (left hand)
 m - an uncursed ring of protection from fire
 P - an uncursed ring of stealth
 T - an uncursed ring of see invisible
Magical devices
 a - a wand of cold (9)
 b - a wand of flame (0)
 D - a wand of cold (5)
 N - a wand of draining (3)
 U - a wand of cold (8)
 W - a wand of polymorph (13)
Scrolls
 j - 5 scrolls of teleportation
 o - 2 scrolls of fog
 q - a scroll of recharging
 v - a scroll of vulnerability
 G - a scroll of enchant armour
 V - a scroll of blinking
Potions
 e - 2 potions of invisibility
 g - a potion of lignification
 h - 2 potions of heal wounds
 i - 4 potions of might {unknown}
 l - 5 potions of agility
 n - 2 potions of mutation
 u - 2 potions of curing
 x - 2 potions of degeneration
 z - a potion of cure mutation
 A - 8 potions of flight
 B - 2 potions of brilliance
 E - a potion of berserk rage
 J - a potion of resistance
 L - a potion of magic
 Y - a potion of ambrosia {unknown}
Comestibles
 d - 13 bread rations
 p - 4 beef jerkies
 r - 3 slices of pizza
 w - 8 chunks of flesh
 O - 3 meat rations


   Skills:
 - Level 2.4 Dodging
 - Level 2.4 Stealth
 - Level 9.0 Spellcasting
 * Level 11.6 Conjurations
 - Level 6.0 Charms
   Level 1.1 Summonings
 - Level 6.6 Translocations
 * Level 9.1 Fire Magic
 - Level 5.6 Air Magic
 - Level 6.4 Poison Magic


You had 7 spell levels left.
You knew the following spells:

 Your Spells              Type           Power        Failure   Level  Hunger
a - Magic Dart            Conj           ####         1%          1    None
b - Blink                 Tloc           N/A          1%          2    None
c - Repel Missiles        Chrm/Air       #####.       1%          2    None
d - Flame Tongue          Conj/Fire      #####        1%          1    None
e - Conjure Flame         Conj/Fire      ######..     1%          3    None
f - Throw Frost           Conj/Ice       #####.       1%          2    None
g - Bolt of Fire          Conj/Fire      ######....   3%          6    ######.
h - Mephitic Cloud        Conj/Pois/Air  ######..     1%          3    None
s - Sting                 Conj/Pois      ####         1%          1    None


Dungeon Overview and Level Annotations

Branches:
Dungeon (10/15)            Temple (1/1) D:5            Lair (1/8) D:10
    Orc: D:9-12

Altars:
Ashenzari
Fedhas
Ru
Trog
Vehumet
Jiyva

Annotations:
D:7 1 exclusion, Menkaure
D:8 Ordine's ghost, experienced MiGl
D:10 godescalc's ghost, experienced SpEn


Innate Abilities, Weirdness & Mutations

You are resistant to hostile enchantments.


Message History

Casting: Conjure Flame
Confirm with . or Enter, or press ? or * to list all spells.
Aiming: Conjure Flame
Press: ? - help, Dir - move target cursor The fire roars!
Casting: Conjure Flame
Confirm with . or Enter, or press ? or * to list all spells.
Aiming: Mephitic Cloud
Press: ? - help, Shift-Dir - straight line, f - frost giant
Aim: a frost giant, wielding a battleaxe of freezing (flame, lightly wounded)
The ball explodes into a vile cloud!
The stinking cloud engulfs the frost giant.
The frost giant is lightly wounded.
The frost giant is engulfed in roaring flames.
Unknown command.
The frost giant is engulfed in noxious fumes.
The frost giant points at you and mumbles some strange words.
The bolt of cold hits you!
Ouch! That really hurt!
You die...

##≈≈≈ ##..##### ≈≈≈≈##
###..## ≈≈≈..##
##....### ≈##.#.#
#.....C.### ##.##
###.......### ##..#
#### ##........##
##..##
##..#######.......#
#.#.#
####.......###§§.....#
#..##
##...##@...C..§#.....##
##..##
#..#...#............##
##..#
#.Y##≈≈##..........##
##.#
##..##≈≈##.#....#.##
##..#
##..##≈≈####..####
#.#.# ##..##≈≈###..#
#..## ##..#≈≈##..##
##..# ##..##≈##..##
##.## #..## ≈#..÷##


You could see a frost giant.

Vanquished Creatures
  An ice statue (IceCv)
  2 hill giants (D:10)
  Pikel (D:5)
  11 polar bears (IceCv)
  A komodo dragon (D:10)
  A troll (D:10)
  A wyvern (D:9)
  11 yaks
  A spriggan (D:7)
  2 basilisks (Lair:1)
  A hungry ghost (D:8)
  A hippogriff (D:8)
  A water moccasin (Lair:1)
  7 wolves (IceCv)
  A sky beast (D:10)
  2 phantoms (D:9)
  2 ice beasts
  A wasp (D:9)
  A slave (D:5)
  2 orc warriors
  3 centaurs
  An eye of draining (D:9)
  4 giant frogs
  3 ogres
  A big kobold (D:9)
  Blork the orc (D:4)
  2 scorpions
  10 wights
  6 killer bees (D:9)
  3 orc priests
  5 crimson imps
  3 hounds
  6 jellies
  6 orc wizards
  A centaur zombie (D:8)
  Ijyb (D:3)
  2 centaur skeletons
  3 iguanas
  6 worker ants
  Jessica (D:3)
  Terence (D:2)
  Natasha (thrice) (D:4)
  A killer bee zombie (D:6)
  2 hound zombies
  A hound skeleton (D:7)
  A worker ant zombie (D:6)
  8 adders
  4 gnolls (D:6)
  7 river rats (Lair:1)
  4 oozes
  An adder zombie (D:5)
  2 worms
  An adder skeleton (D:6)
  3 giant geckos
  21 orcs
  5 giant cockroaches
  13 goblins
  7 hobgoblins
  2 jackals (D:10)
  5 kobolds
  5 quokkas
  4 ball pythons
  7 bats
  A giant cockroach zombie (D:5)
  A giant gecko skeleton (D:8)
  A giant gecko zombie (D:6)
  6 giant newts
  3 quokka skeletons
  7 rats
246 creatures vanquished.

Vanquished Creatures (collateral kills)
  A wight (D:6)
  A kobold (D:9)
2 creatures vanquished.

Vanquished Creatures (others)
  A wight (D:6)
  A ball python (D:5)
  A plant (D:10)
3 creatures vanquished.

Grand Total: 251 creatures vanquished

Notes
Turn   | Place    | Note
--------------------------------------------------------------
     0 | D:1      | Kangaxx the Deep Elf Wizard began the quest for the Orb.
     0 | D:1      | Reached XP level 1. HP: 10/10 MP: 7/7
   309 | D:1      | Reached XP level 2. HP: 15/15 MP: 6/9
  1134 | D:2      | Reached XP level 3. HP: 19/19 MP: 4/11
  1192 | D:2      | Learned a level 2 spell: Blink
  1195 | D:2      | Learned a level 2 spell: Repel Missiles
  1199 | D:2      | Learned a level 3 spell: Mephitic Cloud
  1203 | D:2      | Learned a level 3 spell: Conjure Flame
  1225 | D:2      | Noticed Terence
  1356 | D:2      | Found a faded altar to an unknown god.
  1585 | D:2      | Killed Terence
  1585 | D:2      | Reached skill level 5 in Spellcasting
  1585 | D:2      | Reached XP level 4. HP: 24/24 MP: 0/13
  1593 | D:2      | Reached skill level 1 in Poison Magic
  2109 | D:3      | Noticed Ijyb
  2115 | D:3      | Killed Ijyb
  2603 | D:3      | Found a sacrificial altar of Ru.
  2626 | D:3      | Reached XP level 5. HP: 28/28 MP: 9/14
  2658 | D:3      | Noticed Jessica
  2665 | D:3      | Killed Jessica
  3204 | D:4      | Noticed Natasha
  3211 | D:4      | Killed Natasha
  3214 | D:4      | Noticed Natasha
  3221 | D:4      | Killed Natasha
  3522 | D:4      | Reached XP level 6. HP: 24/32 MP: 0/16
  3585 | D:4      | Noticed Natasha
  3585 | D:4      | Killed Natasha
  3715 | D:4      | Noticed Blork the orc
  3757 | D:4      | Killed Blork the orc
  3757 | D:4      | Reached skill level 1 in Fire Magic
  4051 | D:5      | Entered Level 5 of the Dungeon
  4212 | D:5      | Found a staircase to the Ecumenical Temple.
  4243 | D:4      | Found a bloodstained altar of Trog.
  4280 | D:5      | Reached skill level 1 in Air Magic
  4324 | Temple   | Entered the Ecumenical Temple
  4331 | Temple   | Became a worshipper of Vehumet
  4552 | D:5      | Reached skill level 5 in Conjurations
  4552 | D:5      | Reached XP level 7. HP: 36/36 MP: 11/17
  4785 | D:5      | Noticed Pikel
  4830 | D:5      | Killed Pikel
  4830 | D:5      | Reached skill level 6 in Spellcasting
  4830 | D:5      | Reached XP level 8. HP: 23/41 MP: 1/19
  6158 | D:6      | Acquired Vehumet's first power
  6158 | D:6      | Offered knowledge of Sting by Vehumet.
  6161 | D:6      | Learned a level 1 spell: Sting
  6470 | D:6      | Reached skill level 7 in Conjurations
  6783 | D:7      | Reached skill level 5 in Translocations
  6803 | D:7      | Reached skill level 1 in Charms
  7006 | D:7      | Reached XP level 9. HP: 43/45 MP: 14/21
  7174 | D:7      | Noticed Menkaure
  7232 | D:7      | HP: 2/45 [orc warrior/short sword (17)]
  7235 | D:7      | Reached skill level 5 in Poison Magic
  7689 | D:8      | Learned a level 1 spell: Flame Tongue
  7721 | D:8      | Noticed Ordine's ghost (experienced MiGl)
  8294 | D:8      | Reached skill level 8 in Conjurations
  8554 | D:8      | Offered knowledge of Freeze by Vehumet.
  9158 | D:9      | Noticed a centaur skeleton
  9166 | D:9      | Killed a centaur skeleton
  9166 | D:9      | Reached skill level 5 in Fire Magic
  9578 | D:9      | Reached XP level 10. HP: 32/50 MP: 11/24
  9822 | D:9      | Offered knowledge of Throw Frost by Vehumet.
  9826 | D:9      | Learned a level 2 spell: Throw Frost
  9848 | D:9      | Reached skill level 9 in Conjurations
 10087 | D:9      | Reached skill level 5 in Air Magic
 10234 | D:9      | Reached skill level 5 in Charms
 10303 | D:9      | Found a viscous altar of Jiyva.
 10586 | D:10     | Entered Level 10 of the Dungeon
 10654 | D:10     | Acquired Vehumet's second power
 10658 | D:10     | Gained mutation: You are resistant to hostile enchantments. [mutagenic meat]
 10813 | D:10     | Noticed a hill giant
 10831 | D:10     | Killed a hill giant
 11113 | D:10     | Noticed godescalc's ghost (experienced SpEn)
 11237 | D:10     | Found a staircase to the Lair.
 11602 | D:10     | Noticed a hill giant
 11627 | D:10     | Killed a hill giant
 11701 | Lair:1   | Entered Level 1 of the Lair of Beasts
 11758 | Lair:1   | Offered knowledge of Static Discharge by Vehumet.
 11840 | Lair:1   | Reached skill level 10 in Conjurations
 11871 | Lair:1   | Found a frozen archway.
 11891 | Lair:1   | Learned a level 6 spell: Bolt of Fire
 11914 | IceCv    | Entered an ice cave
 11936 | IceCv    | Reached XP level 11. HP: 18/54 MP: 4/26
 11950 | IceCv    | HP: 2/54 [yak (15)]
 12355 | IceCv    | Noticed an ice statue
 12889 | IceCv    | Killed an ice statue
 12889 | IceCv    | Reached skill level 11 in Conjurations
 12916 | IceCv    | Acquired Vehumet's third power
 13466 | IceCv    | Noticed a frost giant
 13516 | IceCv    | Killed from afar by a frost giant

Vault maps used:
D:1:      lightli_arrival_windingriver
D:2:      ecumenical_altar_1, uniq_terence
D:3:      nicolae_ru_path_of_blood, first_bread, kennysheep_generic_room_11,
          uniq_iyjb, uniq_jessica
D:4:      nicolae_overflow_hidden_temple, uniq_natasha, uniq_blork_the_orc
D:5:      temple_doors_e, uniq_pikel
D:7:      lemuel_coloured_pillars_altar, the_bakery, uniq_menkaure
D:8:      nicolae_whirlpool, serial_glass, glass_columns_a, glass_columns_a,
          glass_columns_a, glass_columns_b, glass_columns_c, glass_columns_b,
          glass_columns_a, glass_columns_c, glass_columns_a, glass_columns_a
D:9:      jiyva_altar_1
D:10:     david_lair_shrubbed, lemuel_mausoleum_altar_kikubaaqudgha
Temple:   nicolae_temple_elliptical
Lair:1:   portal_ice_cave_entry_pillars_02, uniq_joseph
IceCv:    ice_cave_small_giant

Action                   |  1- 3 |  4- 6 |  7- 9 | 10-12 || total
-------------------------+-------+-------+-------+-------++-------
Melee: Unarmed           |       |     5 |       |       ||     5
       Falchion          |       |       |    13 |    19 ||    32
       Halberd           |       |       |     4 |       ||     4
       Whip              |       |       |     2 |       ||     2
       War axe           |       |       |     3 |       ||     3
       Mace              |       |       |     1 |       ||     1
 Cast: Magic Dart        |    91 |   138 |   399 |   113 ||   741
       Conjure Flame     |     2 |     3 |    34 |    15 ||    54
       Mephitic Cloud    |     1 |     9 |    22 |    27 ||    59
       Blink             |       |     6 |     9 |    12 ||    27
       Repel Missiles    |       |     1 |       |       ||     1
       Flame Tongue      |       |       |       |   173 ||   173
       Sting             |       |       |       |    57 ||    57
       Throw Frost       |       |       |       |     4 ||     4
       Bolt of Fire      |       |       |       |    17 ||    17
Evoke: Wand              |       |       |     9 |    13 ||    22
  Use: Potion            |       |     1 |       |     2 ||     3
       Scroll            |       |       |    20 |     5 ||    25
 Stab: Confused          |       |       |     1 |     1 ||     2
  Eat: Chunk             |     2 |     9 |    16 |    16 ||    43
       Fruit             |       |       |       |     2 ||     2
